 Dungeon Crawl Stone Soup version 0.20-a0-421-gf6b327c (webtiles) character file.

1218 no0bjke the Shield-Bearer (level 8, -1/50 HPs)
             Began as a Gargoyle Fighter on Dec 31, 2016.
             Was an Initiate of Okawaru.
             Slain by an orc warrior
             ... wielding a +0 scimitar
              (11 damage)
             ... on level 7 of the Dungeon.
             The game lasted 00:08:53 (5656 turns).

no0bjke the Shield-Bearer (Gargoyle Fighter)        Turns: 5656, Time: 00:08:54

Health: -1/50      AC: 16    Str: 21    XL:     8   Next: 46%
Magic:  8/8        EV:  7    Int: 10    God:    Okawaru [......]
Gold:   387        SH: 10    Dex:  9    Spells: 7/7 levels left

rFire  . . .     SeeInvis .     a - +0 war axe
rCold  + . .     Gourm    .     p - +0 chain mail
rNeg   + + .     Faith    .     c - +0 shield
rPois  ∞         Spirit   .     (no helmet)
rElec  +         Reflect  .     (no cloak)
rCorr  .         Harm     .     o - +0 pair of gloves
MR     .....                    (no boots)
Stlth  ..........               (no amulet)
                                y - ring of positive energy
                                g - ring of protection from cold

@: no status effects
A: negative energy resistance 1, electricity resistance, unbreathing,
petrification resistance, rot immunity, AC +5
a: Renounce Religion


You were on level 7 of the Dungeon.
You worshipped Okawaru.
Okawaru was noncommittal.
You were hungry.

You visited 2 branches of the dungeon, and saw 8 of its levels.

You collected 387 gold pieces.

Inventory:

Hand Weapons
 a - a +0 war axe (weapon)
Armour
 c - a +0 shield (worn)
 o - a +0 pair of gloves (worn)
 p - a +0 chain mail (worn)
Jewellery
 g - a ring of protection from cold (left hand)
 y - a ring of positive energy (right hand)
Wands
 d - a wand of iceblast (3/15)
 z - a wand of paralysis (8/24)
Scrolls
 e - a scroll of identify
 h - 2 scrolls of magic mapping
 l - 4 scrolls of teleportation
 m - 4 scrolls of fear
 n - a scroll of enchant armour
 u - a scroll of enchant weapon {unknown}
 v - 3 scrolls of remove curse
 A - a scroll of recharging {unknown}
 B - a scroll of immolation {unknown}
Potions
 b - 2 potions of agility
 j - a potion of berserk rage {unknown}
 q - 2 potions of curing
 r - 2 potions of heal wounds
 s - a potion of cancellation
 t - a potion of flight {unknown}
 w - 3 potions of invisibility
Comestibles
 f - 5 bread rations
 i - 2 beef jerkies
 k - 4 meat rations
 x - a slice of pizza


   Skills:
 + Level 5.4 Fighting
 + Level 4.2 Axes
 + Level 5.7 Armour
 + Level 3.6 Dodging
 + Level 5.9 Shields
 + Level 1.3 Invocations


You had 7 spell levels left.
You didn't know any spells.

Dungeon Overview and Level Annotations

Branches:
Dungeon (7/15)             Temple (1/1) D:6

Altars:
Ashenzari
Cheibriados
Elyvilon
Fedhas
Gozag
Hepliaklqana
Kikubaaqudgha
Makhleb
Nemelex Xobeh
Okawaru
Qazlal
Ru
Sif Muna
Uskayaw
Vehumet
Xom
Yredelemnul
Zin
The Shining One

Shops:
D:5 %

Annotations:
D:4 exclusion: statue


Innate Abilities, Weirdness & Mutations

You are resistant to torment.
Your stone body is resilient. (AC +5)
You are immune to poison.
You resist negative energy. (rN+)
You are resistant to electric shocks. (rElec)
You can survive without breathing.
You are immune to petrification.
You are immune to rotting.


Message History

Reactivating autopickup.
The orc warrior barely misses you.
The orc wizard hits you but does no damage.
The orc warrior hits you with a scimitar.
Unknown command.
You hit the orc wizard.
You kill the orc wizard!
Okawaru accepts your kill.
You closely miss the orc warrior.
The orc warrior hits you with a scimitar!
* * * LOW HITPOINT WARNING * * *
The orc warrior hits you with a scimitar.
* * * LOW HITPOINT WARNING * * *
Items here: )) [[ † a dagger; a robe; a club; a runed leather armour; an orc corpse You are too injured to fight recklessly!
Unknown command.
You are too injured to fight recklessly!
The orc warrior hits you with a scimitar!
You die...

#.###.#.# #.#.#
#.###.#.#.#
#.........#
#####.#.### #.#.# ###
#. #.#.# ....
#...########.#.# .#.##
#......@.......###.##
..
...#..$.o............#
##
#.#########...####.# #
######.....#
...........#
.≈....⌠...(###.#
.≈≈≈....#......#
≈≈≈≈...##..#####
≈≈≈≈≈.. #.##


You could see an orc warrior.

Vanquished Creatures
  An ogre (D:6)
  A phantom (D:5)
  A scorpion (D:4)
  3 wights (D:6)
  A howler monkey (D:4)
  A crimson imp (D:6)
  4 bullfrog zombies (D:6)
  A jelly (D:6)
  2 hounds
  2 orc priests
  An iguana (D:5)
  4 orc wizards
  4 worker ants
  A hound skeleton (D:5)
  Robin (D:3)
  A worker ant zombie (D:5)
  8 adders
  A howler monkey skeleton (D:3)
  2 shadow imps
  3 oozes
  2 adder zombies (D:5)
  3 worms (D:2)
  A dart slug (D:1)
  6 leopard geckos
  15 orcs
  A ball python (D:2)
  5 bats
  3 giant cockroaches
  28 goblins
  12 hobgoblins
  8 jackals
  3 kobolds
  A quokka (D:4)
  6 frilled lizards
  A giant cockroach zombie (D:6)
  7 rats
145 creatures vanquished.

Notes
Turn   | Place    | Note
-------+----------+-------------------------------------------
     0 | D:1      | no0bjke the Gargoyle Fighter began the quest for the Orb.
     0 | D:1      | Reached XP level 1. HP: 14/14 MP: 1/1
    64 | D:1      | Reached XP level 2. HP: 18/19 MP: 2/2
   199 | D:1      | Reached XP level 3. HP: 23/23 MP: 3/3
   329 | D:1      | Reached skill level 1 in Dodging
   572 | D:2      | Reached XP level 4. HP: 14/28 MP: 4/4
   893 | D:2      | Found a sparkling altar of Nemelex Xobeh.
  1176 | D:2      | Reached XP level 5. HP: 33/33 MP: 5/5
  2280 | D:3      | Reached XP level 6. HP: 37/38 MP: 6/6
  2586 | D:3      | Noticed Robin
  2603 | D:3      | Killed Robin
  2788 | D:4      | Found a snail-covered altar of Cheibriados.
  3192 | D:4      | Found a radiant altar of Vehumet.
  3244 | D:5      | Entered Level 5 of the Dungeon
  3448 | D:5      | Noticed a phantom
  3754 | D:4      | Reached skill level 5 in Shields
  3754 | D:4      | Reached XP level 7. HP: 37/44 MP: 7/7
  4098 | D:5      | Reached skill level 5 in Armour
  4130 | D:5      | Found Myir's Food Shop.
  4286 | D:5      | Found a glowing golden altar of the Shining One.
  4609 | D:5      | Found a shimmering altar of Xom.
  4741 | D:6      | Reached skill level 5 in Fighting
  5029 | D:6      | Got a warped dagger
  5035 | D:6      | Identified the cursed +0 dagger of Indomitability {pierce, rElec Str+3} (You found it on level 6 of the Dungeon)
  5075 | D:6      | Found a staircase to the Ecumenical Temple.
  5082 | D:6      | Reached XP level 8. HP: 46/49 MP: 8/8
  5111 | Temple   | Entered the Ecumenical Temple
  5127 | Temple   | Became a worshipper of Warmaster Okawaru
  5410 | D:6      | Reached skill level 1 in Invocations
  5615 | D:7      | Found an ancient bone altar of Kikubaaqudgha.
  5656 | D:7      | Slain by an orc warrior

Vault maps used:
D:1:      sevenhm_arrival_forest_fort_small_3, minmay_small_reverse_x
D:2:      kennysheep_the_goblin_king, first_bread, nemelex_dance_club_becter
D:3:      kennysheep_goblin_castle, serial_co_window_serial,
          co_window_of_opportunity_a, co_window_paths_a, co_window_paths_b,
          co_window_of_opportunity_a, co_window_of_opportunity_a,
          co_window_unsneaky_path_c, co_window_of_opportunity_c,
          co_window_corner_b, co_window_corner_ca, co_window_unsneaky_path_b,
          co_window_paths_c, co_window_paths_c, co_window_4corner_b,
          glass_columns_a, glass_columns_c, glass_columns_c
D:4:      vehumet_statue, overflow_temple_1_default
D:5:      wad_pebble_path, kennysheep_little_box, serial_shops,
          nicolae_shop_temple_entry_statues_fountains, tgw_xom
D:7:      kiku_gazebo_pond_becter
Temple:   nicolae_temple_x_marks_the_god

Skill      XL: |  1  2  3  4  5  6  7  8 |
---------------+-------------------------+-----
Axes           | 2 3 4 |  4.2
Dodging        | 1 2 3 |  3.6
Shields        | 4 5 |  5.9
Armour         | 4 5 |  5.7
Fighting       | 4 5 |  5.4
Invocations    | 1 |  1.3

Action                   |  1- 3 |  4- 6 |  7- 9 || total
-------------------------+-------+-------+-------++-------
Melee: War axe           |    96 |   300 |   257 ||   653
  Use: Potion            |       |     1 |     2 ||     3
       Scroll            |       |       |    10 ||    10
  Eat: Chunk             |       |     9 |     5 ||    14
       Royal jelly       |       |       |     1 ||     1
Armor: Scale mail        |    62 |     1 |       ||    63
       Chain mail        |       |   210 |   178 ||   388
Dodge: Dodged            |    30 |    94 |    68 ||   192
Block: Shield            |    63 |   198 |   133 ||   394
